AoeStats
← javierazanza90

Lombardia

507964790Analyzed
2v2 RM · 10d ago on Sep 20, 2026· 64m 33s· 4 players
Game mode
Random Map
Map size
Medium (4 player)
Population
200
Speed
Normal
Resources
Standard
Victory
Conquest
Starting age
Dark Age
Ending age
Imperial Age
RankedLock teamsTeams togetherTeam positionsShared explorationLock speedFull tech treeHidden civsTurbo modeCheats
Victory
Defeat
619
+13
🇦🇺 Celts · Australia
569
+15
🇪🇸 Cumans · Spain
557
-14
🇪🇸 Teutons · Spain
552
-14
牛人玩牛牛游!
11:35 Feudal Age
13:32 Wheelbarrow
12:44 Double-Bit Axe
15:31 Horse Collar
16:57 Man-at-Arms
23:48 Castle Age
25:20 Hand Cart
25:18 Bow Saw
25:00 Gold Mining
28:11 Stone Mining
28:25 Heavy Plow
29:51 Stone Shaft Mining
32:06 Husbandry
32:16 Bloodlines
40:26 Imperial Age
38:46 Pikeman
42:09 Chemistry
41:30 Ballistics
41:37 Conscription
41:34 Pirotechnia
43:41 Caravan
46:52 Silk Road
48:06 Elite Genoese Crossbowman
50:09 Cavalier
BEtUetetaetA
12:54 Feudal Age
15:30 Double-Bit Axe
23:05 Castle Age
22:14 Gold Mining
23:20 Stone Mining
24:42 Husbandry
31:42 Wheelbarrow
33:39 Forging
33:20 Fletching
40:39 Fortified Wall
41:07 Iron Casting
41:44 Hand Cart
42:23 Horse Collar
43:57 Stronghold
45:28 Bow Saw
45:44 Murder Holes
46:17 Ballistics
46:01 Bodkin Arrow
45:43 Crossbowman
51:11 Imperial Age
52:33 Masonry
52:32 Onager
53:32 Heavy Scorpion
57:05 Siege Onager
58:56 Siege Engineers
59:53 Chemistry
62:04 Heated Shot
lursua91
0:38 Loom
12:56 Feudal Age
14:20 Double-Bit Axe
14:22 Horse Collar
14:38 Gold Mining
14:41 Arson
20:23 Forging
20:14 Scale Mail Armor
20:13 Man-at-Arms
22:17 Stone Mining
30:17 Castle Age
33:38 Gambesons
33:14 Long Swordsman
36:11 Chain Mail Armor
36:50 Iron Casting
37:54 Masonry
38:17 Ironclad
39:03 Heavy Plow
39:15 Bow Saw
40:43 Wheelbarrow
41:02 Ballistics
44:00 Hand Cart
43:31 Town Watch
44:25 Stone Shaft Mining
47:42 Squires
47:03 Pikeman
48:51 Town Patrol
50:21 Bloodlines
58:23 Imperial Age
58:07 Caravan
58:20 Fortified Wall
58:02 Guard Tower
62:27 Crenellations
61:27 Elite Teutonic Knight
62:43 Hoardings
61:38 Sappers
62:29 Conscription
65:19 Blast Furnace
64:50 Plate Mail Armor
javierazanza90
0:29 Loom
13:08 Feudal Age
14:11 Horse Collar
19:53 Bloodlines
20:40 Scale Barding Armor
21:30 Double-Bit Axe
21:38 Gold Mining
21:39 Stone Mining
27:29 Castle Age
29:04 Gold Shaft Mining
28:33 Heavy Plow
36:02 Light Cavalry
41:25 Steppe Husbandry
44:19 Wheelbarrow
44:41 Capped Ram
47:27 Crossbowman
48:14 Thumb Ring
48:57 Hand Cart
49:17 Bow Saw
54:13 Imperial Age
52:35 Ballistics
52:06 Heated Shot
52:13 Murder Holes
52:29 Masonry
52:26 Caravan
55:23 Cavalier
55:23 Hussar
55:58 Elite Kipchak
57:15 Hoardings
56:32 Onager
57:59 Cuman Mercenaries
58:55 Conscription
Connection lost

Rejoining the realm…

Still unreachable

The connection could not be restored.

Session expired

The server has moved on; the page needs a fresh start.